AoeStats
← eyupfc

Arena

509592765Analyzed
4v4 RM · 5d ago on Sep 27, 2026· 59m 33s· 8 players
Game mode
Random Map
Map size
Large (8 player)
Population
200
Speed
Normal
Resources
Standard
Victory
Conquest
Starting age
Dark Age
Ending age
Imperial Age
RankedLock teamsTeams togetherTeam positionsShared explorationLock speedFull tech treeHidden civsTurbo modeCheats
Victory
Defeat
🇸🇪 Varangians · Sweden
1187
+13
🇨🇳 Lithuanians · China
1178
+13
🇹🇷 Saxons · Türkiye
1153
+14
🇮🇳 Japanese · India
1080
+16
🇺🇸 Cumans · United States
1140
-16
🇦🇺 Varangians · Australia
1115
-14
🇨🇳 Turks · China
1089
-13
🇦🇷 Poles · Argentina
1088
-13
津门酒仙1049
10:03 Feudal Age
10:46 Horse Collar
15:05 Castle Age
13:20 Double-Bit Axe
15:29 Wheelbarrow
16:54 Bow Saw
20:41 Heavy Plow
27:24 Imperial Age
25:11 Hand Cart
27:34 Scale Barding Armor
27:39 Forging
28:05 Szlachta Privileges
30:07 Crop Rotation
29:10 Cavalier
29:50 Husbandry
30:01 Bloodlines
31:07 Town Watch
32:32 Iron Casting
32:17 Chain Barding Armor
34:19 Blast Furnace
33:50 Conscription
38:32 Light Cavalry
39:34 Lechitic Legacy
40:24 Winged Hussar
43:05 Coinage
44:35 Hoardings
43:20 Elite Obuch
44:04 Scale Mail Armor
44:07 Squires
43:52 Arson
46:05 Chain Mail Armor
47:33 Plate Mail Armor
49:19 Banking
50:48 Chemistry
50:08 Ballistics
49:59 Crossbowman
50:44 Thumb Ring
51:03 Arrowslits
51:15 Murder Holes
51:49 Gold Mining
51:56 Stone Mining
51:38 Arbalester
Mick The Brick
10:13 Feudal Age
11:54 Double-Bit Axe
14:30 Castle Age
12:22 Double-Bit Axe
14:18 Scale Mail Armor
15:52 Wheelbarrow
15:47 Bow Saw
16:02 Gold Mining
16:13 Horse Collar
39:50 Chain Mail Armor
39:46 Forging
41:38 Fletching
42:31 Loom
43:35 Iron Casting
49:42 Imperial Age
47:18 Squires
49:01 Gambesons
49:09 Arson
50:26 Hand Cart
49:48 Elite Varangian Guard
51:11 Plate Mail Armor
52:34 Blast Furnace
El Fantasma de Pancho Villa
14:35 Feudal Age
18:51 Man-at-Arms
20:23 Scale Mail Armor
20:33 Forging
20:23 Scale Mail Armor
20:34 Forging
21:37 Fletching
23:43 Wheelbarrow
24:14 Double-Bit Axe
30:49 Castle Age
28:36 Town Watch
30:43 Gold Mining
31:50 Bloodlines
35:58 Imperial Age
34:08 Scale Barding Armor
34:38 Iron Casting
35:16 Iron Casting
34:34 Horse Collar
35:44 Pikeman
36:25 Squires
36:11 Arson
36:44 Chain Mail Armor
38:07 Stone Mining
38:49 Bodkin Arrow
39:51 Chain Barding Armor
最好与最坏
12:22 Feudal Age
12:42 Horse Collar
14:12 Double-Bit Axe
18:44 Castle Age
16:30 Loom
20:27 Heavy Plow
20:40 Bow Saw
24:14 Wheelbarrow
24:57 Gold Mining
26:44 Gold Shaft Mining
28:47 Hand Cart
32:17 Imperial Age
32:23 Imperial Age
29:40 Town Watch
29:53 Fletching
30:36 Ballistics
29:57 Treadmill Crane
31:40 Bodkin Arrow
31:54 Padded Archer Armor
32:06 Forging
32:01 Scale Barding Armor
33:09 Ballistics
32:50 Stone Mining
34:14 Conscription
34:29 Leather Archer Armor
34:51 Iron Casting
34:36 Chain Barding Armor
38:37 Ring Archer Armor
37:31 Elite Janissary
37:37 Heavy Camel Rider
40:44 Iron Casting
40:29 Chain Barding Armor
40:20 Husbandry
40:31 Bloodlines
40:22 Bodkin Arrow
43:22 Blast Furnace
43:18 Heavy Cavalry Archer
44:25 Parthian Tactics
49:06 Caravan
52:09 Plate Barding Armor
51:36 Bracer
51:56 Thumb Ring
56:13 Sipahi
Ezio
10:54 Feudal Age
10:21 Loom
14:48 Castle Age
13:29 Scale Mail Armor
16:39 Chain Mail Armor
24:10 Double-Bit Axe
25:55 Wheelbarrow
29:24 Horse Collar
30:12 Hand Cart
36:16 Imperial Age
34:44 Forging
35:24 Arson
36:17 Iron Casting
37:47 Plate Mail Armor
38:05 Squires
45:06 Heavy Plow
50:39 Conscription
51:49 Parthian Tactics
51:18 Fletching
52:07 Heavy Cavalry Archer
53:30 Bodkin Arrow
54:34 Bracer
56:19 Chemistry
55:42 Padded Archer Armor
Generation Kill
10:48 Feudal Age
15:28 Castle Age
13:40 Double-Bit Axe
14:02 Horse Collar
16:25 Bow Saw
20:44 Loom
20:57 Fletching
22:12 Bodkin Arrow
22:32 Town Watch
eyupfc
10:34 Feudal Age
12:19 Double-Bit Axe
12:17 Horse Collar
14:39 Castle Age
15:43 Bow Saw
18:20 Wheelbarrow
21:52 Scale Mail Armor
22:03 Forging
21:55 Heavy Plow
22:56 Squires
22:42 Arson
22:42 Gambesons
23:16 Chain Mail Armor
24:48 Hand Cart
24:24 Gold Mining
24:35 Padded Archer Armor
25:40 Thumb Ring
25:23 Loom
25:52 Crossbowman
27:17 Ballistics
26:49 Fletching
29:51 Gold Shaft Mining
30:30 Iron Casting
33:34 Imperial Age
32:52 Bodkin Arrow
34:40 Leather Archer Armor
34:17 Stone Mining
33:59 Capped Ram
35:16 Town Watch
35:33 Elite Varangian Guard
36:57 Plate Mail Armor
37:21 Conscription
38:42 Shield Wall
39:24 Siege Ram
41:55 Elite Hearth Troop
46:18 Two-Man Saw
46:19 Bracer
49:59 Ring Archer Armor
49:27 Murder Holes
52:43 Chemistry
53:40 Crop Rotation
Ranger-Lee
10:00 Feudal Age
13:43 Castle Age
11:45 Double-Bit Axe
11:54 Horse Collar
19:25 Bow Saw
20:44 Wheelbarrow
20:19 Heavy Plow
21:40 Fervor
22:46 Hand Cart
28:00 Imperial Age
25:19 Loom
25:19 Town Watch
26:12 Scale Barding Armor
26:18 Forging
27:19 Chain Barding Armor
27:14 Husbandry
27:24 Bloodlines
28:22 Iron Casting
28:01 Cavalier
29:20 Plate Barding Armor
29:29 Crop Rotation
30:02 Two-Man Saw
29:33 Pikeman
30:13 Squires
30:16 Scale Mail Armor
31:59 Paladin
34:10 Conscription
34:34 Chain Mail Armor
40:36 Halberdier
44:26 Gold Mining
44:26 Stone Mining
44:26 Arson
44:08 Light Cavalry
46:05 Winged Hussar
47:20 Tower Shields
53:34 Padded Archer Armor
54:37 Chemistry
54:49 Leather Archer Armor
54:56 Stone Mining
57:16 Ring Archer Armor
60:09 Hill Forts
60:45 Hoardings
Connection lost

Rejoining the realm…

Still unreachable

The connection could not be restored.

Session expired

The server has moved on; the page needs a fresh start.